 Dungeon Crawl Stone Soup version 0.25.1-1-g288607f (webtiles) character file.

Game seed: 9913769020169602054

887 Jonnyslop the Gusty (level 8, 0/41 HPs)
             Began as a Tengu Air Elementalist on Nov 19, 2020.
             Was an Initiate of Vehumet.
             Slain by an orc warrior
             ... wielding a +0 glaive
              (21 damage)
             ... on level 7 of the Dungeon.
             The game lasted 00:17:35 (6014 turns).

Jonnyslop the Gusty (Tengu Air Elementalist)        Turns: 6014, Time: 00:17:35

Health: 0/41       AC:  2    Str:  9    XL:     8   Next: 5%
Magic:  7/17       EV: 12    Int: 18    God:    Vehumet [......]
Gold:   216        SH:  8    Dex: 14    Spells: 8/18 levels left

rFire    + . .     SeeInvis .   b - staff of conjuration
rCold    . . .     Gourm    .   r - +3 buckler
rNeg     . . .     Faith    .   a - +0 robe
rPois    .         Spirit   .   (helmet restricted)
rElec    .         Reflect  .   (no cloak)
rCorr    .         Harm     .   (no gloves)
MR       .....                  (boots unavailable)
Stlth    ++........             (no amulet)
HPRegen  0.13/turn              e - ring of protection from fire
MPRegen  0.15/turn              (no ring)

@: no status effects
A: beak, talons 3, able to fly
a: Fly, Renounce Religion


You were on level 7 of the Dungeon.
You worshipped Vehumet.
Vehumet was noncommittal.
You were not hungry.

You visited 1 branch of the dungeon, and saw 5 of its levels.

You collected 216 gold pieces.

Inventory:

Hand Weapons
 f - a +1 spear
Missiles
 g - 17 poisoned darts (quivered)
 o - 8 silver boomerangs
Armour
 a - a +0 robe (worn)
 r - a +3 buckler (worn)
Magical Staves
 b - an uncursed staff of conjuration (weapon)
Jewellery
 e - a ring of protection from fire (left hand)
 i - an uncursed ring of fire
Scrolls
 k - a scroll of remove curse
 q - 4 scrolls of enchant armour
 t - 3 scrolls of identify
Potions
 d - a potion of flight
 h - a potion of degeneration {unknown}
 j - 5 potions of curing
 l - a potion of brilliance {unknown}
 m - a potion of lignification {unknown}
 s - a potion of might {unknown}
Comestibles
 c - 4 rations


   Skills:
 - Level 2.1 Dodging
 - Level 2.0 Stealth
 + Level 3.2 Shields
 * Level 5.5 Spellcasting
 + Level 5.2 Conjurations
 + Level 6.8 Air Magic


You had 8 spell levels left.
You knew the following spells:

 Your Spells              Type           Power        Failure   Level  Hunger
a - Shock                 Conj/Air       ####         1%          1    None
b - Swiftness             Chrm/Air       ###.....     5%          2    #......
c - Static Discharge      Conj/Air       #####...     3%          3    ##.....
d - Airstrike             Air            ####......   9%          4    ####...

Your spell library contained the following spells:

 Spells                   Type           Power        Failure   Level  Hunger
 Lightning Bolt           Conj/Air       #####.....   32%         5    ######.


Dungeon Overview and Level Annotations

Branches:
Dungeon (4/15)
 Temple: D:4-7

Altars:
Gozag
Makhleb
Vehumet

Shops:
D:4 *

Annotations:
D:4 Purgy


Innate Abilities, Weirdness & Mutations

You have a beak for a mouth.
You have claws for feet.
You can fly continuously.


Message History

You float gracefully downwards.
Your magical contamination has completely faded away.
Found a stone staircase leading up.
Items here: )) [[ †† You see here a +0 trident.
h - a sapphire potion You see here an orc corpse.
There are no objects that can be picked up here. an orc corpse The orc warrior hits you with a +0 glaive.
You see here a +0 trident.
You hit the orc warrior but do no damage.
You claw the orc warrior, but do no damage.
The orc warrior is moderately wounded.
An orc wizard comes into view. It is wielding a +0 dagger.
The orc warrior barely misses you.
The orc wizard shouts!
The orc warrior hits you with a +0 glaive!!
Ouch! That really hurt!
You die...

### #.# ..... #.#.#
#.#.# #<#.#
########@#.#
#..o...o...###
#########.######)..#.#
....o.....# #..).#
########### #..†##
#...># #.....# ##.#..#
#.#..#


You could see an orc warrior and an orc wizard.

Vanquished Creatures
  Sigmund (D:4)
  Blork the orc (D:4)
  A scorpion (D:4)
  2 wights (D:3)
  A howler monkey (D:3)
  A crimson imp (D:3)
  A centaur zombie (D:7)
  A hound (D:3)
  A bullfrog skeleton (D:4)
  Crazy Yiuf (D:4)
  An iguana (D:7)
  3 orc wizards
  A worker ant (D:4)
  A hound skeleton (D:4)
  6 adders
  An ooze (D:1)
  2 dart slugs
  2 worms (D:3)
  2 leopard geckos (D:1)
  24 orcs
  10 bats
  6 giant cockroaches
  12 hobgoblins
  2 jackals (D:1)
  2 quokkas
  7 frilled lizards
  11 goblins
  2 jackal skeletons (D:4)
  5 kobolds
  7 rats
118 creatures vanquished.

Notes
Turn   | Place    | Note
-------+----------+-------------------------------------------
     0 | D:1      | Jonnyslop the Tengu Air Elementalist began the quest for
                  | the Orb.
     0 | D:1      | Reached XP level 1. HP: 10/10 MP: 4/4
   150 | D:1      | Reached XP level 2. HP: 15/15 MP: 4/6
   440 | D:1      | Learned a level 2 spell: Swiftness
   670 | D:1      | Reached XP level 3. HP: 19/19 MP: 2/7
   675 | D:1      | Learned a level 3 spell: Static Discharge
  1625 | D:2      | Reached XP level 4. HP: 24/24 MP: 4/9
  2733 | D:3      | Reached skill level 5 in Air Magic
  2733 | D:3      | Gained mutation: You can fly continuously. [Tengu growth]
  2733 | D:3      | Reached XP level 5. HP: 28/28 MP: 4/11
  2738 | D:3      | Reached skill level 1 in Shields
  3031 | D:3      | Reached XP level 6. HP: 17/32 MP: 1/13
  3037 | D:3      | Learned a level 4 spell: Airstrike
  4536 | D:3      | Found a burning altar of Makhleb.
  4537 | D:3      | Found a radiant altar of Vehumet.
  4542 | D:3      | Became a worshipper of Vehumet
  4833 | D:4      | Noticed Blork the orc
  4844 | D:4      | Killed Blork the orc
  4844 | D:4      | Reached skill level 6 in Air Magic
  4844 | D:4      | Reached XP level 7. HP: 6/36 MP: 3/15
  5147 | D:4      | Noticed Purgy
  5184 | D:4      | Found a runed translucent door.
  5185 | D:4      | Noticed Crazy Yiuf
  5205 | D:4      | Killed Crazy Yiuf
  5451 | D:4      | Found Gozag's Platinum Reserve.
  5458 | D:4      | Found an opulent altar of Gozag.
  5627 | D:4      | Noticed Sigmund
  5633 | D:4      | Killed Sigmund
  5633 | D:4      | Reached skill level 5 in Spellcasting
  5633 | D:4      | Reached skill level 5 in Conjurations
  5819 | D:4      | You fall into a shaft and drop 3 floors!
  5902 | D:7      | Reached XP level 8. HP: 34/41 MP: 2/17
  6014 | D:7      | Slain by an orc warrior

Illustrated notes

Levels and vault maps discovered:
D:1:      zelgadis_glass_arrival_small, layout_loops_ring
D:2:      minmay_angry_zag, layout_loops_ring
D:3:      layout_basic, grunt_temple_overflow_lords_of_destruction,
          first_ration, minmay_misc_feat_enclosed
D:4:      layout_loops_ring, lemuel_round_altar,
          nicolae_gozag_zags_fifth_avenue, uniq_blork_the_orc, uniq_purgy,
          uniq_sigmund, uniq_crazy_yiuf_cottage
D:7:      layout_loops_ring, uniq_harold

Skill      XL: |  1  2  3  4  5  6  7 |
---------------+----------------------+-----
Conjurations   | 2 3 4 5 |  5.2
Spellcasting   | 3 4 5 |  5.5
Air Magic      | 5 6 |  6.8
Shields        | 1 2 3 |  3.2
Dodging        | |  2.1
Stealth        | |  2.0

Action                   |  1- 3 |  4- 6 |  7- 9 || total
-------------------------+-------+-------+-------++-------
Melee: Spear             |     4 |     5 |       ||     9
       Kick              |       |     1 |     2 ||     3
       Peck              |       |     1 |     2 ||     3
       Staff             |       |       |     6 ||     6
 Cast: Shock             |    84 |   151 |    52 ||   287
       Swiftness         |       |     1 |       ||     1
       Static Discharge  |       |     1 |    11 ||    12
  Use: Scroll            |       |     7 |     3 ||    10
       Potion            |       |       |     1 ||     1
  Eat: Chunk             |     3 |     5 |     5 ||    13
       Ration            |       |     1 |       ||     1
Armor: Robe              |     5 |     3 |     3 ||    11
Dodge: Dodged            |    26 |    13 |    19 ||    58
Block: Buckler           |       |     9 |    13 ||    22
